 Dungeon Crawl Stone Soup version 0.28.0-49-g6dfe1f597d (webtiles) character file.

Game seed: 18172843512055470493

101 bnorton916 the Ducker (level 4, -2/32 (34) HPs)
             Began as a Gnoll Wanderer on May 14, 2022.
             Slain by an orc priest
             ... wielding a +0 hand axe
              (5 damage)
             ... on level 3 of the Dungeon.
             The game lasted 00:02:28 (2639 turns).

bnorton916 the Ducker (Gnoll Wanderer)              Turns: 2639, Time: 00:02:29

HP:   -2/32 (34)    AC:  4    Str: 14    XL:     4   Next: 75%
MP:   0/8           EV: 14    Int:  9    God:
Gold: 66            SH:  0    Dex: 13    Spells: 9/9 levels left

rFire   . . .      SeeInvis .   a - +0 short sword
rCold   . . .      Faith    .   (no shield)
rNeg    . . .      Spirit   +   c - +0 leather armour
rPois   +          Reflect  .   p - +0 helmet
rElec   .          Harm     .   (no cloak)
rCorr   .          Rampage  .   (no gloves)
Will    .....                   (no boots)
Stlth   +.........              k - amulet of guardian spirit
HPRegen 0.10/turn               n - ring of poison resistance
MPRegen 0.11/turn               (no ring)

@: drained
A: fangs 1, strong nose, distributed training
a: no special abilities


You were on level 3 of the Dungeon.
You visited 1 branch of the dungeon, and saw 3 of its levels.

You collected 66 gold pieces.

Inventory:

Hand Weapons
 a - a +0 short sword (weapon)
Missiles
 b - 3 throwing nets (quivered)
Armour
 c - a +0 leather armour (worn)
 p - a +0 helmet (worn)
Jewellery
 k - an amulet of guardian spirit (around neck)
 n - a ring of poison resistance (left hand)
Wands
 d - a wand of flame (30)
Scrolls
 f - a scroll of identify {unknown}
 i - a scroll of enchant armour {unknown}
 j - 4 scrolls of brand weapon {unknown}
 o - 2 scrolls of fog {unknown}
Potions
 e - a potion of flight {unknown}
 g - a potion of mutation {unknown}
 h - a potion of curing {unknown}
 l - a potion of haste {unknown}
 m - a potion of ambrosia {unknown}
 q - a potion of lignification {unknown}
 r - a potion of brilliance {unknown}
 s - a potion of heal wounds {unknown}


   Skills:
 + Level 2.8 Fighting
 + Level 4.7 Short Blades
 + Level 1.2 Long Blades
 + Level 1.2 Axes
 + Level 1.2 Maces & Flails
 + Level 1.2 Polearms
 + Level 1.2 Staves
 + Level 1.2 Slings
 + Level 1.2 Bows
 + Level 1.2 Crossbows
 + Level 1.2 Throwing
 + Level 1.2 Armour
 + Level 6.6 Dodging
 + Level 1.2 Stealth
 + Level 1.2 Shields
 + Level 1.2 Unarmed Combat
 + Level 3.0 Spellcasting
 + Level 1.0 Conjurations
 + Level 1.0 Hexes
 + Level 1.0 Summonings
 + Level 1.0 Necromancy
 + Level 1.0 Translocations
 + Level 1.0 Transmutations
 + Level 1.0 Fire Magic
 + Level 1.0 Ice Magic
 + Level 1.0 Air Magic
 + Level 1.0 Earth Magic
 + Level 1.0 Poison Magic
 + Level 2.9 Invocations
 + Level 4.7 Evocations


You had 9 spell levels left.
You didn't know any spells.
Your spell library was empty.

Dungeon Overview and Level Annotations

Branches:
Dungeon (3/15)

Altars:

Shops:
D:1 !   D:2 :


Innate Abilities, Weirdness & Mutations

You have very sharp teeth.
Your uncanny sense of smell can sniff out nearby items.
Your experience applies equally to all skills.


Message History

The orc priest is lightly wounded.
The orc priest closely misses you.
You barely miss the orc priest.
The orc priest is lightly wounded.
The orc priest hits you with a +0 hand axe.
The orc priest invokes the aid of Beogh against you.
Beogh smites you!
* * * LOW HITPOINT WARNING * * *
You are too injured to fight recklessly!
You are too injured to fight recklessly!
You are too injured to fight recklessly!
You are too injured to fight recklessly!
You are too injured to fight recklessly!
You are too injured to fight recklessly!
You are too injured to fight recklessly!
You are too injured to fight recklessly!
You are too injured to fight recklessly!
You are too injured to fight recklessly!
You are too injured to fight recklessly!
You are too injured to fight recklessly!
You are too injured to fight recklessly!
You are too injured to fight recklessly!
You are too injured to fight recklessly!
You are too injured to fight recklessly!
Unknown command.
You hit the orc priest but do no damage.
The orc priest is lightly wounded.
The orc priest casts a cantrip, but nothing happens.
You closely miss the orc priest. Your bite misses the orc priest.
The orc priest is lightly wounded.
The orc priest closely misses you.
You completely miss the orc priest.
The orc priest is lightly wounded.
You closely miss the orc priest.
The orc priest is lightly wounded.
The orc priest hits you with a +0 hand axe.
You hit the orc priest.
The orc priest is moderately wounded.
The orc priest hits you with a +0 hand axe.
You die...

#..............
#.............
#............
##..........
#.######## #.#
#.# #.# #@# #o#
#o# #oo....o.
.oo......
#.........
#.....####
#.....# #.....#


You could see 2 orc priests and 4 orcs.

Vanquished Creatures
  Ijyb (D:2)
  2 adders (D:2)
  2 dart slugs
  2 orcs (D:3)
  4 ball pythons (D:1)
  6 bats
  4 endoplasms
  A giant cockroach (D:1)
  5 goblins
  7 hobgoblins
  3 kobolds
  A ball python skeleton (D:2)
  A ball python zombie (D:2)
  A frilled lizard (D:3)
  2 giant cockroach zombies (D:2)
  5 rats
  A spectral hobgoblin (D:1)
48 creatures vanquished.

Notes
Turn   | Place    | Note
-------+----------+-------------------------------------------
     0 | D:1      | bnorton916 the Gnoll Wanderer began the quest for the Orb.
     0 | D:1      | bnorton916 set off with the following items: a +0 short
                  | sword, 3 throwing nets, a +0 leather armour, a wand of
                  | flame (6)
     0 | D:1      | Reached XP level 1. HP: 17/17 MP: 4/4
   459 | D:1      | Found Doick's Distillery.
   520 | D:1      | Reached XP level 2. HP: 23/23 MP: 5/5
   631 | D:1      | Found a faded altar of an unknown god.
  1136 | D:1      | Reached XP level 3. HP: 27/27 MP: 7/7
  1604 | D:2      | Found Zenum's Book Boutique.
  2064 | D:3      | Noticed Ijyb
  2099 | D:2      | Killed Ijyb
  2100 | D:2      | Reached skill level 1 in Long Blades
  2100 | D:2      | Reached skill level 1 in Axes
  2100 | D:2      | Reached skill level 1 in Maces & Flails
  2100 | D:2      | Reached skill level 1 in Polearms
  2100 | D:2      | Reached skill level 1 in Staves
  2100 | D:2      | Reached skill level 1 in Slings
  2100 | D:2      | Reached skill level 1 in Bows
  2100 | D:2      | Reached skill level 1 in Crossbows
  2100 | D:2      | Reached skill level 1 in Throwing
  2100 | D:2      | Reached skill level 1 in Armour
  2100 | D:2      | Reached skill level 1 in Stealth
  2100 | D:2      | Reached skill level 1 in Shields
  2100 | D:2      | Reached skill level 1 in Unarmed Combat
  2100 | D:2      | Reached XP level 4. HP: 13/34 MP: 2/8
  2310 | D:2      | Reached skill level 1 in Conjurations
  2310 | D:2      | Reached skill level 1 in Hexes
  2310 | D:2      | Reached skill level 1 in Summonings
  2310 | D:2      | Reached skill level 1 in Necromancy
  2310 | D:2      | Reached skill level 1 in Translocations
  2310 | D:2      | Reached skill level 1 in Transmutations
  2310 | D:2      | Reached skill level 1 in Fire Magic
  2310 | D:2      | Reached skill level 1 in Ice Magic
  2310 | D:2      | Reached skill level 1 in Air Magic
  2310 | D:2      | Reached skill level 1 in Earth Magic
  2310 | D:2      | Reached skill level 1 in Poison Magic
  2639 | D:3      | Slain by an orc priest

Illustrated notes

Levels and vault maps discovered:
D:1:      lemuel_arrival_muddy, layout_loops_ring, serial_rivers,
          chequers_serial_rivers_micro_d, chequers_serial_rivers_micro_e,
          chequers_serial_rivers_room_a, chequers_serial_rivers_micro_c,
          chequers_serial_rivers_micro_b, chequers_serial_rivers_room_b,
          serial_shops, nicolae_shop_trees,
          dreamdust_ecumenical_altar_drowned_temple, minmay_misc_feat_plants
D:2:      layout_rooms, serial_shops, shop, serial_undead, serial_undead_c,
          serial_undead_f, serial_undead_b, serial_undead_d
D:3:      layout_basic, nrook_loot_triangle, minmay_strange_pillars, uniq_ijyb,
          uniq_grinder, uniq_pargi

Skill      XL: |  1  2  3  4 |
---------------+-------------+-----
Long Blades    | 1 |  1.2
Axes           | 1 |  1.2
Maces & Flails | 1 |  1.2
Polearms       | 1 |  1.2
Staves         | 1 |  1.2
Slings         | 1 |  1.2
Bows           | 1 |  1.2
Crossbows      | 1 |  1.2
Throwing       | 1 |  1.2
Armour         | 1 |  1.2
Stealth        | 1 |  1.2
Shields        | 1 |  1.2
Unarmed Combat | 1 |  1.2
Spellcasting   | 3 |  3.0
Conjurations   | 1 |  1.0
Hexes          | 1 |  1.0
Summonings     | 1 |  1.0
Necromancy     | 1 |  1.0
Translocations | 1 |  1.0
Transmutations | 1 |  1.0
Fire Magic     | 1 |  1.0
Ice Magic      | 1 |  1.0
Air Magic      | 1 |  1.0
Earth Magic    | 1 |  1.0
Poison Magic   | 1 |  1.0
Fighting       | |  2.8
Short Blades   | |  4.7
Dodging        | |  6.6
Invocations    | |  2.9
Evocations     | |  4.7

Action                   |  1- 3 |  4- 6 || total
-------------------------+-------+-------++-------
Melee: Short sword       |   175 |    36 ||   211
       Bite              |    18 |     2 ||    20
       Punch             |     1 |       ||     1
Armor: Leather armour    |    41 |     7 ||    48
Dodge: Dodged            |   136 |    20 ||   156
